Map: Defender's Landing LE

Players

DikPound

  • Race: Zerg Zerg
  • League: Gold
  • Spawn Location: 1:00

tylerlavally - Winner!

  • Race: Protoss Protoss
  • Spawn Location: 7:00

VOD

Have the link to the VOD?

Description

Time

  • Played on: March 9, 2022, 2:38 a.m.
  • Length: 22:09
Show
View Real Time Build Order
Export as new Build Order

DikPound Zerg 

Build Orders: Pool First 

Get SALT Encoding   

  2  2:04  Drone x3  
  5  2:10  Spawning Pool  
  4  2:19  Drone  
  5  2:36  Drone  
  6  2:57  Drone x2  
  8  2:59  Zergling x2  
  8  3:00  Queen  
  11  3:15  Zergling x2  
  12  3:26  Zergling x2  
  13  3:35  Spore Crawler  
  13  3:37  Zergling x2  
  13  3:43  Drone  
  14  4:04  Overlord x2  
  14  4:22  Queen  
  14  4:23  Zergling x2  
  14  4:24  Zergling x4  
  19  5:10  Zergling x10  
  21  5:41  Drone x3, Extractor  
  21  6:21  Zergling x12  
  20  7:07  Drone x4  
  18  7:42  Lair  
  18  7:45  Zergling x14  
  25  8:43  Spire  
  25  8:48  Extractor  
  21  9:25  Drone x8  
  25  10:08  Mutalisk x2  
  25  10:10  Overlord x2  
  25  10:13  Overlord  
  29  10:20  Mutalisk  
  30  10:44  Hatchery  
  30  10:49  Mutalisk x2  
  33  11:14  Spore Crawler  
  32  11:18  Spore Crawler  
  32  11:23  Spore Crawler  
  24  12:37  Spine Crawler x2  
  24  12:38  Spine Crawler  
  24  12:41  Mutalisk x7  
  37  13:00  Spine Crawler  
  37  13:04  Drone x11  
  43  13:36  Spine Crawler  
  42  13:45  Drone x5  
  47  14:10  Zergling x6  
  48  14:28  Queen  
  48  14:29  Queen  
  51  14:33  Drone x4  
  51  14:48  Mutalisk x5  
  59  15:08  Spine Crawler  
  59  15:12  Spore Crawler  
  53  15:49  Drone x2, Zergling x12  
  60  15:50  Zergling x6  
  49  16:19  Zergling x2  
  49  16:20  Zergling x6  
  29  17:14  Hatchery  
  28  17:17  Mutalisk  
  28  17:18  Mutalisk x8  
  46  17:39  Infestation Pit  
  45  17:59  Overseer  
  33  18:36  Spore Crawler x2  
  33  18:37  Spore Crawler  
  33  18:38  Spore Crawler  
  7  20:16  Hatchery  
  7  20:32  Extractor  
  6  21:08  Extractor  
  6  21:10  Extractor  
Show
View Real Time Build Order
Export as new Build Order

tylerlavally Protoss - Winner!

Build Orders:  

Get SALT Encoding   

  12  0:13  Pylon  
  12  0:34  Forge  
  12  0:36  Probe  
  13  0:48  Probe  
  14  0:54  Pylon  
  14  1:13  Photon Cannon  
  14  1:18  Photon Cannon  
  14  1:24  Pylon  
  13  1:50  Probe  
  14  2:02  Probe  
  14  2:05  Pylon  
  15  2:14  Probe  
  16  2:25  Photon Cannon  
  16  2:26  Probe  
  16  2:28  Photon Cannon  
  17  2:32  Photon Cannon  
  17  2:38  Probe  
  18  2:44  Photon Cannon  
  18  2:54  Pylon  
  18  3:07  Assimilator  
  18  3:12  Gateway  
  18  3:26  Assimilator  
  18  3:34  Probe (Chrono Boost)  
  19  3:43  Probe (Chrono Boost)  
  19  3:44  Gateway  
  20  4:03  Nexus  
  20  4:15  Zealot  
  22  4:23  Cybernetics Core  
  22  4:36  Pylon  
  22  4:42  Zealot  
  23  4:55  Zealot, Pylon  
  24  5:10  Zealot  
  23  5:22  Zealot  
  25  5:36  Probe  
  25  5:37  Zealot  
  28  5:48  Probe  
  29  5:54  Photon Cannon  
  29  5:55  Photon Cannon  
  29  5:58  Photon Cannon  
  29  6:00  Probe  
  30  6:06  Pylon  
  30  6:12  Probe  
  31  6:22  Photon Cannon  
  31  6:25  Probe  
  26  6:26  Photon Cannon  
  26  6:28  Photon Cannon  
  19  6:40  Stalker  
  21  6:58  Pylon  
  21  7:03  Stalker  
  21  7:07  Probe (Chrono Boost)  
  24  7:10  Zealot  
  25  7:22  Gateway  
  23  7:51  Pylon  
  23  7:59  Photon Cannon  
  23  8:01  Probe (Chrono Boost)  
  24  8:16  Probe (Chrono Boost)  
  26  8:24  Probe (Chrono Boost)  
  27  8:30  Probe (Chrono Boost)  
  27  8:41  Probe (Chrono Boost)  
  27  8:46  Pylon  
  27  8:47  Probe (Chrono Boost)  
  28  8:57  Probe (Chrono Boost)  
  28  9:02  Probe (Chrono Boost)  
  29  9:08  Photon Cannon  
  30  9:13  Probe  
  30  9:15  Stargate  
  31  9:19  Pylon  
  31  9:26  Probe (Chrono Boost)  
  31  9:27  Probe (Chrono Boost)  
  33  9:38  Probe x2 (Chrono Boost)  
  36  9:46  Probe (Chrono Boost)  
  37  9:53  Probe (Chrono Boost)  
  37  9:58  Probe  
  38  10:10  Probe  
  38  10:13  Assimilator  
  39  10:25  Stalker x2  
  39  10:28  Assimilator  
  43  10:41  Probe (Chrono Boost)  
  44  10:47  Void Ray (Chrono Boost)  
  44  10:53  Probe (Chrono Boost)  
  44  10:55  Stalker, Zealot, Nexus  
  53  10:59  Probe (Chrono Boost)  
  54  11:08  Probe  
  55  11:11  Pylon  
  55  11:22  Zealot  
  57  11:25  Photon Cannon  
  57  11:38  Pylon  
  53  11:52  Void Ray  
  57  12:14  Probe (Chrono Boost)  
  55  12:24  Probe (Chrono Boost)  
  55  12:27  Probe (Chrono Boost)  
  55  12:28  Photon Cannon  
  56  12:34  Probe x2 (Chrono Boost)  
  58  12:37  Nexus  
  58  12:39  Probe (Chrono Boost)  
  58  12:40  Probe  
  60  12:50  Probe  
  61  12:52  Probe  
  62  13:03  Probe  
  62  13:04  Probe  
  64  13:07  Photon Cannon  
  64  13:08  Photon Cannon  
  64  13:16  Probe  
  65  13:28  Probe  
  66  13:40  Shield Battery  
  67  13:41  Probe (Chrono Boost)  
  67  13:45  Assimilator, Void Ray (Chrono Boost)  
  67  13:50  Probe (Chrono Boost)  
  72  13:57  Stalker x2  
  72  14:00  Probe (Chrono Boost)  
  77  14:05  Probe (Chrono Boost)  
  73  14:15  Void Ray  
  73  14:16  Probe  
  75  14:27  Stalker  
  75  14:28  Probe  
  72  14:52  Void Ray  
  72  14:53  Protoss Shields Level 1  
  72  14:57  Probe  
  77  15:02  Pylon  
  77  15:09  Probe  
  78  15:21  Probe (Chrono Boost)  
  78  15:25  Probe (Chrono Boost)  
  78  15:26  Probe (Chrono Boost), Void Ray (Chrono Boost)  
  80  15:32  Probe (Chrono Boost)  
  80  15:34  Probe (Chrono Boost)  
  86  15:37  Probe (Chrono Boost)  
  86  15:39  Probe (Chrono Boost)  
  88  15:48  Probe  
  86  15:50  Probe  
  86  15:56  Void Ray  
  87  16:00  Probe  
  87  16:02  Probe  
  93  16:05  Stalker x2  
  91  16:18  Probe  
  91  16:24  Stargate  
  92  16:30  Probe  
  89  16:33  Void Ray  
  89  16:35  Stalker x2  
  87  16:43  Probe  
  78  16:55  Probe  
  79  17:05  Stalker x2  
  79  17:08  Probe (Chrono Boost)  
  85  17:09  Assimilator  
  85  17:10  Void Ray  
  85  17:11  Probe (Chrono Boost)  
  85  17:13  Pylon  
  85  17:17  Pylon  
  85  17:18  Assimilator, Twilight Council, Probe (Chrono Boost)  
  85  17:21  Probe (Chrono Boost)  
  85  17:22  Stargate, Void Ray  
  91  17:25  Probe (Chrono Boost)  
  96  17:31  Probe (Chrono Boost)  
  96  17:35  Stalker x2  
  102  17:38  Probe x2 (Chrono Boost)  
  103  17:45  Probe  
  103  17:46  Probe  
  103  17:47  Photon Cannon, Void Ray  
  103  17:51  Photon Cannon  
  105  17:53  Photon Cannon  
  105  17:57  Probe  
  110  18:00  Protoss Shields Level 2, Void Ray  
  110  18:05  Stalker x2  
  118  18:24  Void Ray  
  117  18:35  Stalker  
  117  18:37  Void Ray  
  112  19:02  Void Ray  
  108  19:05  Zealot  
  110  19:14  Void Ray  
  110  19:32  Zealot  
  112  19:39  Void Ray  
  116  19:47  Stalker  
  116  19:51  Void Ray  
  118  19:59  Stalker  
  120  20:17  Stalker  
  120  20:29  Stalker  
  122  20:47  Stalker  
  124  20:59  Stalker  
Tags
 
Add a new tag
Caveats
  • Supply blocks, unpowered buildings, or Contaminate may cause inaccurate times.
  • Supply counts are checked every 10 seconds.